 Dungeon Crawl Stone Soup version 0.16.1-51-g6203257 (webtiles) character file.

25746 CcS the Grappler (level 12, -1/118 HPs)
             Began as a Troll Wanderer on Aug 1, 2015.
             Was a High Priest of Okawaru.
             Slain by a fire crab (10 damage)
             ... on level 8 of the Lair of Beasts.
             The game lasted 00:33:24 (15157 turns).

CcS the Grappler (Troll Wanderer)                  Turns: 15157, Time: 00:33:24

Health: -1/118     AC: 10    Str: 22    XL:     12   Next: 92%
Magic:  7/7        EV: 15    Int:  9    God:    Okawaru [*****.]
Gold:   977        SH:  0    Dex: 13    Spells: 0 memorised, 11 levels left

rFire  + . .     SeeInvis .       - Unarmed
rCold  + + .     Clarity  .     d - +2 robe
rNeg   . . .     SustAb   .     (shield restricted)
rPois  +         Gourm    +     (helmet restricted)
rElec  +         Spirit   .     s - +2 cloak
rCorr  +         Warding  .     (gloves unavailable)
rMut   .         Stasis   .     (boots unavailable)
MR     .....                    h - amulet of regeneration {+regen, !d}
Stlth  +.........               (no ring)
                                z - ring of protection from cold {rC+, !d}

@: resistant, very slightly contaminated, not resistant to hostile enchantments,
very unstealthy
A: unfitting armour, claws 3, fast metabolism 3, gourmand, regeneration 2,
shaggy fur 1, tough skin 2
a: Heroism, Finesse, Renounce Religion


You were on level 8 of the Lair of Beasts.
You worshipped Okawaru.
Okawaru was extremely pleased with you.
You were very full.

You visited 3 branches of the dungeon, and saw 17 of its levels.

You collected 977 gold pieces.

Inventory:

Missiles
 e - 141 bolts
 i - 6 poisoned bolts
 m - 8 tomahawks
 q - 67 poisoned needles
 r - 2 javelins (quivered)
 A - a throwing net {=f, !d}
 L - 6 silver javelins
 Y - 11 poisoned tomahawks
 Z - 5 tomahawks of returning
Armour
 d - a +2 robe (worn)
 s - a +2 cloak (worn)
   (You took it off Crazy Yiuf on level 2 of the Dungeon)
Jewellery
 h - an amulet of regeneration (around neck) {+regen, !d}
   (You found it on level 1 of the Dungeon)
 z - a ring of protection from cold (left claw) {rC+, !d}
   (You found it on level 3 of the Dungeon)
 V - an uncursed amulet of warding {Ward, rN+, !d}
   (You found it on level 2 of the Lair of Beasts)
Magical devices
 a - a wand of confusion (26)
 I - a wand of slowing (18)
   (You found it on level 7 of the Dungeon)
 W - a wand of fire (6)
   (You found it on level 2 of the Lair of Beasts)
Scrolls
 p - 5 scrolls of remove curse
 t - a scroll of amnesia
 u - 3 scrolls of fog
 w - 3 scrolls of recharging
 y - 2 scrolls of teleportation
 B - 2 scrolls of immolation {!r}
 N - a scroll of enchant armour
 P - a scroll of holy word {!r}
 R - a scroll of vulnerability {!r!r}
Potions
 b - 2 potions of invisibility
 g - a potion of curing
 j - a potion of cancellation {unknown}
 o - a potion of restore abilities {unknown}
 v - 3 potions of might
 x - a potion of magic
 D - a potion of mutation {!q}
 E - a potion of agility
 K - a potion of brilliance {unknown}
 O - a potion of ambrosia {unknown}
 Q - a potion of haste
 S - a potion of flight
Books
 n - a book of Frost
   (You found it on level 5 of the Dungeon)
 J - a book of Enchantments
   (You found it on level 7 of the Lair of Beasts)
 T - an Akashic Record {highlevel, unknown}
   (You found it on level 2 of the Lair of Beasts)
 U - a Young Poisoner's Handbook
   (You found it on level 5 of the Lair of Beasts)
Comestibles
 c - 9 royal jellies
 f - 6 meat rations {@e2}
 l - 9 fruits
 C - 5 bread rations {@e1}
 G - 8 beef jerkies
 H - 3 slices of pizza
 M - 7 chunks of flesh {@w0}


   Skills:
 - Level 7.0 Fighting
   Level 1.2 Bows
   Level 2.0 Crossbows
 - Level 6.4 Throwing
 - Level 1.5 Armour
 + Level 10.6 Dodging
   Level 1.0 Shields
 - Level 14.0 Unarmed Combat
 - Level 1.0 Evocations


You had 11 spell levels left.
You didn't know any spells.

Dungeon Overview and Level Annotations

Branches:
Dungeon (9/15)             Temple (1/1) D:7            Lair (8/8) D:8
 Shoals (0/5) Lair:6        Snake (0/5) Lair:6
  Slime: Lair:6-8       Orc: D:9-12

Altars:
Ashenzari
Cheibriados
Dithmenos
Fedhas
Gozag
Kikubaaqudgha
Makhleb
Nemelex Xobeh
Okawaru
Qazlal
Ru
Sif Muna
Trog
Vehumet
Xom
Yredelemnul
Zin
The Shining One
Jiyva

Annotations:
Lair:1 exclusion: 2 electric eels
Lair:5 exclusion: hydra


Innate Abilities, Weirdness & Mutations

You are too large for most types of armour.
You have claws for hands.
Your metabolism is lightning-fast.
You like to eat raw meat.
You heal very quickly.
You are covered in fur (AC +1).
You have very tough skin (AC +2).


Message History

A river rat is nearby!
A river rat is nearby!
A water moccasin and a crocodile come into view.
You closely miss the river rat. Your claw misses the river rat.
The river rat bites you but does no damage.
You closely miss the river rat. The river rat barely misses you.
You mangle the river rat!!
You kill the river rat!
Okawaru accepts your kill. The water moccasin closely misses you.
You claw the water moccasin!
The water moccasin begins to bleed from its wounds!
The water moccasin barely misses you.
You claw the water moccasin! The water moccasin barely misses you.
The water moccasin bites you!
You take 7 damage, and have 111/118 hp.
You claw the water moccasin!
You kill the water moccasin!
Okawaru accepts your kill.
No target in view!
No target in view!
You see here a water moccasin corpse.
A fire crab comes into view.
You regained 2 hp, and now have 114/118 hp.
A fire crab is nearby!
A fire crab is nearby!
A fire crab is nearby!
A fire crab is nearby!
The fire crab misses you. The fire crab claws you.
You are engulfed in flames!
You take 14 damage, and have 103/118 hp.
You barely miss the fire crab. The fire crab breathes flames at you.
The blast of flame engulfs you!
You take 5 damage, and have 98/118 hp.
You claw the fire crab!
You are engulfed in roaring flames.
The fire crab bites you.
You are engulfed in flames!
The fire crab claws you!
You are engulfed in flames!
You take 57 damage, and have 41/118 hp.
MASSIVE DAMAGE!!
You are too injured to fight recklessly!
Unknown command.
You are engulfed in roaring flames.
* * * LOW HITPOINT WARNING * * *
You take 20 damage, and have 21/118 hp.
Unknown command.
Drink which item? (? for menu, Esc to quit)
You feel protected.
You are engulfed in roaring flames.
You resist.
* * * LOW HITPOINT WARNING * * *
The fire crab breathes flames at you. The blast of flame engulfs you!
You take 8 damage, and have 13/118 hp.
Unknown command.
Drink which item? (? for menu, Esc to quit)
You feel better. The fire crab breathes flames at you.
The blast of flame engulfs you!
You regained 6 hp, and now have 20/118 hp.
Unknown command.
Unknown command.
You scratch the fire crab.
You are engulfed in roaring flames.
You resist.
* * * LOW HITPOINT WARNING * * *
The fire crab barely misses you. x2
Unknown command.
Read which item? (? for menu, Esc to quit)
Really read
F - a scroll of blinking {!r}?
Blink to where?
You can't blink into that!
Blink to where?
You are very lightly contaminated with residual magic.
As you read the scroll of blinking {!r}, it crumbles to dust.
Aim: a fire crab (moderately wounded)
Okay, then.
Quiver which item? (- for none, * to show all) (? for menu, Esc to quit)
Quivering
X - 4 large rocks {!d} for throwing.
Unknown command.
Aim: a fire crab (moderately wounded)
You throw a large rock {!d}.
The large rock {!d} hits the fire crab but does no damage.
Aim: a fire crab (moderately wounded)
You throw a large rock {!d}.
The large rock {!d} barely misses the fire crab.
The fire crab breathes flames at you. The blast of flame engulfs you!
You resist.
Aim: a fire crab (moderately wounded)
You throw a large rock {!d}.
The large rock {!d} hits the fire crab but does no damage.
You are engulfed in roaring flames.
You resist.
* * * LOW HITPOINT WARNING * * *
You take 3 damage, and have 20/118 hp.
Aim: a fire crab (moderately wounded)
You throw a large rock {!d}. The large rock {!d} hits the fire crab!
You are engulfed in roaring flames.
You resist.
* * * LOW HITPOINT WARNING * * *
You take 5 damage, and have 15/118 hp.
Unknown command.
You are engulfed in roaring flames.
You resist.
* * * LOW HITPOINT WARNING * * *
The fire crab bites you!
You die...

##...♣♣♣ ♣♣..♣♣..♣ #P...♣
♣..♣..♣ #....♣♣ ♣♣..♣♣ #
#.....♣♣ ♣♣..♣♣ t # #......♣
♣♣..♣♣ .. # ##...♣♣♣♣
♣♣♣♣♣♣♣..♣♣♣... #### ##.....♣
♣♣♣.(.♣♣♣♣†♣..♣ ##.###......♣
♣♣♣t((....♣...♣
..##.#......♣♣♣§@♣♣♣♣♣♣§§..♣♣
..##......§§§§§♣♣♣ ♣♣§.♣♣
......#....§♣♣♣ ♣♣.♣
PP.....#....♣ ♣.♣
#...........♣ .♣♣
#............♣ .
#.##P........♣ ..
.###†......... .. .#
##........ .


You could see a fire crab.

Vanquished Creatures
  A hydra (Lair:6)
  A death yak (Lair:7)
  2 griffons
  2 black mambas
  A manticore (Lair:6)
  3 elephants
  14 spiny frogs
  A torpor snail (Lair:7)
  4 komodo dragons
  4 fire drakes
  A queen bee (Lair:7)
  A troll (D:9)
  4 blink frogs
  4 basilisks
  A two-headed ogre (D:8)
  2 wyverns (Lair:7)
  13 hippogriffs
  A deep elf mage (D:9)
  Eustachio (D:8)
  18 yaks
  A fire elemental (Lair:7)
  3 wolves (Lair:7)
  6 porcupines
  9 water moccasins
  An ice beast (D:7)
  4 ogres
  A centaur (D:8)
  2 orc warriors
  A big kobold (D:4)
  15 crocodiles
  A sky beast (D:7)
  A boring beetle (Lair:6)
  12 giant frogs
  4 scorpions
  26 killer bees
  4 crimson imps
  2 giant frog zombies (D:5)
  A goliath beetle (D:7)
  2 electric eels
  2 jellies
  4 orc priests
  Crazy Yiuf (D:2)
  4 orc wizards
  A hell rat (Lair:7)
  Natasha (twice) (D:3)
  13 iguanas
  17 sheep
  4 worker ants
  A killer bee zombie (D:6)
  Terence (D:2)
  A worker ant zombie (D:8)
  25 adders
  3 gnolls (D:6)
  32 river rats
  3 worms
  3 adder skeletons
  12 giant geckos
  An ooze (D:1)
  11 orcs
  2 bat skeletons (D:7)
  6 giant cockroaches
  16 hobgoblins
  9 jackals
  18 kobolds
  12 quokkas
  2 ball pythons
  19 bats
  10 giant newts
  17 goblins
  A quokka skeleton (D:6)
  23 rats
  A rat zombie (D:9)
452 creatures vanquished.

Vanquished Creatures (others)
  8 fungi
  8 plants
16 creatures vanquished.

Grand Total: 468 creatures vanquished

Notes
Turn   | Place    | Note
--------------------------------------------------------------
     0 | D:1      | CcS, the Troll Wanderer, began the quest for the Orb.
     0 | D:1      | CcS set off with: a wand of confusion (15), a +0 hand axe, a +0 hand crossbow, a +0 robe, 23 bolts, 2 meat rations {@e2}
     0 | D:1      | Reached XP level 1. HP: 19/19 MP: 1/1
   100 | D:1      | Reached skill level 1 in Unarmed Combat
   168 | D:1      | Reached XP level 2. HP: 27/27 MP: 1/1
   342 | D:1      | Reached skill level 2 in Unarmed Combat
   839 | D:2      | Reached XP level 3. HP: 26/33 MP: 2/2
   872 | D:2      | Reached skill level 3 in Unarmed Combat
   884 | D:2      | Found a shimmering altar of Xom.
   910 | D:2      | Found a shattered altar of Ashenzari.
  1036 | D:2      | Found a stormy altar of Qazlal.
  1039 | D:2      | Found a deep blue altar of Sif Muna.
  1136 | D:2      | Reached XP level 4. HP: 41/41 MP: 2/2
  1178 | D:2      | Noticed Terence
  1199 | D:2      | Killed Terence
  1273 | D:2      | Noticed Crazy Yiuf
  1286 | D:2      | Killed Crazy Yiuf
  1286 | D:2      | Reached skill level 4 in Unarmed Combat
  1456 | D:2      | Found a glowing golden altar of the Shining One.
  1529 | D:2      | Found a sacrificial altar of Ru.
  1949 | D:2      | Reached XP level 5. HP: 44/48 MP: 2/2
  2198 | D:3      | Reached skill level 5 in Unarmed Combat
  2315 | D:3      | Found a shadowy altar of Dithmenos.
  2342 | D:3      | Found a bloodstained altar of Trog.
  2397 | D:3      | Noticed Natasha
  2404 | D:3      | Killed Natasha
  2439 | D:3      | Noticed Natasha
  2466 | D:3      | Killed Natasha
  2566 | D:3      | Found an ancient bone altar of Kikubaaqudgha.
  2733 | D:4      | Found a bloodstained altar of Trog.
  2776 | D:4      | Reached skill level 6 in Unarmed Combat
  2776 | D:4      | Reached XP level 6. HP: 50/55 MP: 4/4
  2824 | D:4      | Noticed an ogre
  2837 | D:4      | Killed an ogre
  2893 | D:4      | Reached skill level 7 in Unarmed Combat
  2910 | D:4      | HP: 12/55 [something (5)]
  2913 | D:4      | Reached XP level 7. HP: 9/62 MP: 4/4
  3618 | D:4      | Reached skill level 8 in Unarmed Combat
  3880 | D:5      | Entered Level 5 of the Dungeon
  4146 | D:5      | Reached skill level 9 in Unarmed Combat
  4497 | D:5      | Reached XP level 8. HP: 67/70 MP: 4/4
  4715 | D:5      | Found an iron altar of Okawaru.
  5778 | D:7      | Reached skill level 10 in Unarmed Combat
  5805 | D:7      | Reached skill level 1 in Dodging
  6043 | D:7      | Reached skill level 2 in Dodging
  6112 | D:7      | Reached skill level 3 in Dodging
  6168 | D:7      | Found a staircase to the Ecumenical Temple.
  6233 | Temple   | Entered the Ecumenical Temple
  6452 | D:5      | Became a worshipper of Warmaster Okawaru
  6557 | D:7      | Reached skill level 4 in Dodging
  6602 | D:7      | Found a sparkling altar of Nemelex Xobeh.
  6603 | D:7      | Found an opulent altar of Gozag.
  7219 | D:8      | Noticed a two-headed ogre
  7233 | D:8      | Killed a two-headed ogre
  7233 | D:8      | Reached skill level 5 in Dodging
  7233 | D:8      | Reached XP level 9. HP: 38/76 MP: 5/5
  7280 | D:8      | Noticed Eustachio
  7290 | D:8      | Killed Eustachio
  7343 | D:8      | Noticed a fire drake
  7344 | D:8      | Found a staircase to the Lair.
  7358 | D:8      | Killed a fire drake
  7358 | D:8      | Acquired Okawaru's first power
  7358 | D:8      | Reached skill level 6 in Dodging
  7746 | Lair:1   | Entered Level 1 of the Lair of Beasts
  8090 | Lair:1   | Reached skill level 7 in Dodging
  8104 | Lair:1   | HP: 15/76 [yak (10)]
  8120 | Lair:1   | HP: 11/76 [yak (14)]
  8123 | Lair:1   | HP: 3/76 [yak (10)]
  8126 | Lair:1   | Reached skill level 8 in Dodging
  8224 | Lair:1   | Noticed a spiny frog
  8238 | Lair:1   | Killed a spiny frog
  8238 | Lair:1   | Reached XP level 10. HP: 54/84 MP: 5/5
  8308 | Lair:1   | Noticed a komodo dragon
  8322 | Lair:1   | Killed a komodo dragon
  8614 | Lair:1   | Noticed a spiny frog
  8623 | Lair:1   | Killed a spiny frog
  8838 | D:9      | Reached skill level 11 in Unarmed Combat
  9189 | D:9      | HP: 21/84 [killer bee (9)]
  9439 | Lair:1   | Noticed a six-headed hydra
  9496 | Lair:2   | Reached skill level 12 in Unarmed Combat
  9540 | Lair:2   | Noticed a griffon
  9551 | Lair:2   | Killed a griffon
 10086 | Lair:2   | Reached XP level 11. HP: 89/91 MP: 5/5
 10118 | Lair:2   | Reached skill level 13 in Unarmed Combat
 10228 | Lair:2   | You fall through a shaft for 2 floors!
 10468 | Lair:4   | Acquired Okawaru's second power
 10979 | Lair:4   | Reached skill level 14 in Unarmed Combat
 11089 | Lair:4   | Reached skill level 1 in Throwing
 11173 | Lair:4   | Received a gift from Okawaru
 11173 | Lair:4   | Reached skill level 2 in Throwing
 11566 | Lair:5   | Reached skill level 3 in Throwing
 11571 | Lair:5   | Noticed a seven-headed hydra
 11799 | Lair:5   | Reached skill level 4 in Throwing
 11951 | Lair:4   | Reached skill level 5 in Throwing
 12093 | Lair:5   | HP: 15/91 [wyvern (11)]
 12098 | Lair:5   | HP: 15/91 [poisoned by a black mamba]
 12105 | Lair:6   | HP: 21/91 [yak (7)]
 12110 | Lair:6   | HP: 20/91 [yak (14)]
 12111 | Lair:6   | Received a gift from Okawaru
 12119 | Lair:6   | Reached skill level 6 in Throwing
 12122 | Lair:6   | HP: 20/91 [yak (5)]
 12219 | Lair:6   | Found a staircase to the Snake Pit.
 12676 | Lair:6   | Reached skill level 2 in Fighting
 12705 | Lair:6   | Found a staircase to the Shoals.
 12717 | Lair:6   | Reached skill level 3 in Fighting
 12723 | Lair:6   | Reached XP level 12. HP: 32/105 MP: 7/7
 12940 | Lair:6   | Noticed a five-headed hydra
 12952 | Lair:6   | Killed a five-headed hydra
 12952 | Lair:6   | Reached skill level 4 in Fighting
 13573 | Lair:7   | Reached skill level 5 in Fighting
 13785 | Lair:7   | Reached skill level 6 in Fighting
 14023 | Lair:7   | Received a gift from Okawaru
 14090 | Lair:7   | Reached skill level 7 in Fighting
 14119 | Lair:7   | Reached skill level 9 in Dodging
 14247 | Lair:7   | HP: 20/118 [komodo dragon (32)]
 14593 | Lair:7   | Reached skill level 10 in Dodging
 14935 | Lair:8   | Entered Level 8 of the Lair of Beasts
 15147 | Lair:8   | HP: 20/118 [fire crab] (21)]
 15155 | Lair:8   | HP: 19/118 [fire crab] (4)]
 15157 | Lair:8   | HP: 8/118 [fire crab] (7)]
 15157 | Lair:8   | Slain by a fire crab

Action                   |  1- 3 |  4- 6 |  7- 9 | 10-12 || total
-------------------------+-------+-------+-------+-------++-------
Melee: Unarmed           |   100 |   223 |   375 |   843 ||  1541
Throw: Javelin           |       |       |       |     6 ||     6
       Large rock        |       |       |       |    10 ||    10
       Tomahawk          |       |       |       |    10 ||    10
Invok: Heroism           |       |       |       |     8 ||     8
       Finesse           |       |       |       |     2 ||     2
Evoke: Wand              |       |       |       |     2 ||     2
  Use: Scroll            |       |       |     4 |    27 ||    31
       Potion            |       |       |     6 |    11 ||    17
 Stab: Sleeping          |       |       |       |     3 ||     3
  Eat: Chunk             |    12 |    21 |    49 |    64 ||   146
       Beef jerky        |       |       |     1 |       ||     1
       Fruit             |       |       |       |     8 ||     8

Vault maps used:
D:1:      roderic_chinese_lattice_arrival
D:2:      overflow_temple_1_default, ashenzari_altar_1,
          lemuel_coloured_pillars_altar, lemuel_round_altar,
          grunt_temple_overflow_open, kennysheep_boxes, uniq_crazy_yiuf_cottage,
          uniq_terence
D:3:      grunt_dithmenos_smoke_and_mirrors, lemuel_crystal_altar,
          dk_noncrumbling_2, roderic_ancient_swastika, trog_butcher_becter,
          uniq_natasha
D:4:      lemuel_doored_altar, first_bread, lexackson_kobold_supper
D:5:      overflow_temple_1_default
D:7:      grunt_temple_overflow_opulence, minmay_temple_entry_crystal_x
D:8:      lemuel_upstairs_altar, minmay_lair_entry_lava, uniq_eustachio
D:9:      elyvilon_altar_1, david_nohive_1
Temple:   pf_slimified_temple
Lair:1:   lemuel_fruit_tree, serial_bayou_shore_a
Lair:2:   nicolae_quartered_pool_little
Lair:4:   lemuel_reptile_caves, serial_bayou_shore_b, grunt_megastairs_1
Lair:5:   minmay_snake_entry_six_corridors
Lair:6:   minmay_shoals_entry_beasts, dummy_snake_entry, grunt_megastairs_2
Lair:7:   kennysheep_abandoned_house, special_room, serial_bayou_shore_b,
          lemuel_fruit_fields
Lair:8:   evil_forest, nicolae_slime_entry_slimehenge, lemuel_fruit_fields,
          grunt_megastairs_3, infiniplex_staircase_pool

Table legend:
 A = Turns spent in this place as a percentage of turns spent in the entire game.
 B = Non-inter-level travel turns spent in this place as a percentage of non-inter-level travel turns spent in the entire game.
 C = Inter-level travel turns spent in this place as a percentage of turns spent in this place.
 D = Turns resting spent in this place as a percentage of non-inter-level travel turns spent in this place.
 E = Turns spent auto-exploring this place as a percentage of non-inter-level travel turns spent in this place.
 F = Non-inter-level travel turns spent in this place divided by the number of levels of this place that you've seen.
                   A       B       C       D       E      F
               +-------+-------+-------+-------+-------+----------------------
         Total | 100.0 | 100.0 |   0.5 |   3.0 |   8.6 | 326.6
       Dungeon |  48.6 |  48.5 |   0.8 |   2.0 |  10.9 | 299.2
        Temple |   0.2 |   0.2 |  10.0 |   0.0 |  77.8 |   9.0
          Lair |  51.2 |  51.3 |   0.2 |   4.0 |   6.2 | 407.1
               +-------+-------+-------+-------+-------+----------------------

Table legend:
 A = Kills in this place as a percentage of kills in entire the game.
 B = Kills by you in this place as a percentage of kills by you in the entire game.
 C = Kills by friends in this place as a percentage of kills by friends in the entire game.
 D = Other kills in this place as a percentage of other kills in the entire game.
 E = Experience gained in this place as a percentage of experience gained in the entire game.
 F = Experience gained in this place divided by the number of levels of this place that you have seen.
                   A       B       C       D       E      F
               +-------+-------+-------+-------+-------+----------------------
         Total | 100.0 | 100.0 |  -nan |  -nan | 100.0 | 2163.5
       Dungeon |  48.9 |  48.9 |  -nan |  -nan |  14.8 | 603.9
          Lair |  51.1 |  51.1 |  -nan |  -nan |  85.2 | 4477.9
               +-------+-------+-------+-------+-------+----------------------
